 Dungeon Crawl Stone Soup version 0.26-a0-30-g56b8cd3df0 (webtiles) character file.

Game seed: 628832752487581740, levelgen mode: deterministic

244 vurker the Ruffian (level 5, -4/42 HPs)
             Began as a Draconian Transmuter on June 3, 2020.
             Slain by an orc priest
             ... wielding a +0 whip
              (7 damage)
             ... on level 3 of the Dungeon.
             The game lasted 00:04:56 (3106 turns).

vurker the Ruffian (Draconian Transmuter)           Turns: 3106, Time: 00:04:56

Health: -4/42      AC:  5    Str: 13    XL:     5   Next: 83%
Magic:  9/9        EV: 12    Int: 13    God:
Gold:   136        SH:  0    Dex: 12    Spells: 8/9 levels left

rFire    . . .     SeeInvis .     - Unarmed
rCold    . . .     Gourm    .   (no shield)
rNeg     . . .     Faith    .   (armour unavailable)
rPois    .         Spirit   .   (helmet restricted)
rElec    .         Reflect  .   (no cloak)
rCorr    +         Harm     .   (no gloves)
MR       .....                  (no boots)
Stlth    +.........             (no amulet)
HPRegen  0.14/turn              i - ring of resist corrosion
MPRegen  0.11/turn              (no ring)

@: no status effects
A: unfitting armour, cold-blooded, AC +5
a: no special abilities


You were on level 3 of the Dungeon.
You were hungry.

You visited 1 branch of the dungeon, and saw 3 of its levels.

You collected 136 gold pieces.

Inventory:

Missiles
 a - 37 arrows
Jewellery
 i - a ring of resist corrosion (left hand)
   (You found it on level 2 of the Dungeon)
Scrolls
 b - a scroll of remove curse {unknown}
 c - 3 scrolls of enchant weapon {unknown}
 f - 2 scrolls of identify {unknown}
 h - a scroll of fog {unknown}
 k - 2 scrolls of enchant armour {unknown}
 l - 2 scrolls of teleportation {unknown}
 n - a scroll of immolation {unknown}
Potions
 d - 2 potions of curing {unknown}
 j - a potion of resistance {unknown}
 m - a potion of haste {unknown}
Comestibles
 e - 8 rations
 g - 6 chunks of flesh


   Skills:
 + Level 2.6 Fighting
 - Level 1.7 Dodging
 * Level 4.5 Unarmed Combat
 + Level 2.8 Spellcasting
 * Level 3.9 Transmutations


You had 8 spell levels left.
You knew the following spells:

 Your Spells              Type           Power        Failure   Level  Hunger
a - Beastly Appendage     Tmut           ##....       4%          1    #......

Your spell library contained the following spells:

 Spells                   Type           Power        Failure   Level  Hunger
 Sticks to Snakes         Tmut           ##......     7%          2    ###....
 Spider Form              Tmut/Pois      #.........   30%         3    ###....
 Ice Form                 Ice/Tmut       #.......     71%         4    #####..
 Blade Hands              Tmut           ##........   78%         5    ######.


Dungeon Overview and Level Annotations

Branches:
Dungeon (3/15)

Altars:
Ashenzari
Makhleb


Innate Abilities, Weirdness & Mutations

Your plain brown scales are hard. (AC +5)
You cannot fit into any form of body armour.
You are cold-blooded and may be slowed by cold attacks.


Message History

You barely miss the orc priest.
You claw the orc priest, but do no damage.
The orc priest completely misses you.
You closely miss the orc priest.
You tail-slap the orc priest, but do no damage.
The orc priest mumbles some strange prayers to Beogh against you.
Pain shoots through your body!
You closely miss the orc wizard. You claw the orc wizard.
The orc priest miscasts a cantrip.
The orc wizard misses you.
You closely miss the orc wizard.
The orc wizard hits you with a +0 dagger.
You barely miss the orc wizard.
The orc wizard hits you but does no damage.
You hit the orc wizard. You claw the orc wizard.
You kill the orc wizard!
Your talons disappear.
You barely miss the orc. The orc closely misses you.
You hit the orc. The orc hits you with a +0 flail.
You barely miss the orc.
Your tail-slap misses the orc.
You are feeling hungry.
You hit the orc but do no damage. You punch the orc.
You kill the orc!
You closely miss the orc priest.
The orc priest mumbles some strange prayers to Beogh against you.
Beogh smites you!
You punch the orc priest!
Your tail-slap misses the orc priest.
The orc priest barely misses you.
You hit the orc priest.
The orc priest calls down the wrath of Beogh upon you.
Beogh smites you!
* * * LOW HITPOINT WARNING * * *
You hit the orc priest.
You tail-slap the orc priest, but do no damage.
The orc priest closely misses you.
You barely miss the orc priest. The orc priest barely misses you.
You barely miss the orc priest.
The orc priest hits you but does no damage.
You hit the orc priest but do no damage.
You hit the orc priest but do no damage.
Your tail-slap misses the orc priest.
The orc priest mumbles some strange prayers to Beogh against you.
Beogh smites you!
* * * LOW HITPOINT WARNING * * *
You hit the orc priest but do no damage.
The orc priest completely misses you.
You aren't carrying any items that you can evoke.
Unknown command.
You hit the orc priest. The orc priest hits you with a +0 whip!
You die...

#.# #.# #### #.#######
.(.# #####.#.#... ##.#
#.........# ##.#
#........(#
...####.#......####.#
..............)o@...#
...####.##.##.####### .#.#
#....##.# ...# #######)##
.### ##...## .# ##
##.....## .##.##
#.......## .
.#...####........o####....
........+.........o...oo..


You could see an orc priest.

Vanquished Creatures
  A bullfrog (D:3)
  An orc priest (D:3)
  An orc wizard (D:3)
  3 adders (D:3)
  4 worms
  7 orcs (D:3)
  13 bats
  6 giant cockroaches
  13 goblins
  10 hobgoblins
  4 jackals (D:2)
  2 ball pythons
  6 kobolds
  6 rats
77 creatures vanquished.

Notes
Turn   | Place    | Note
-------+----------+-------------------------------------------
     0 | D:1      | vurker the Draconian Transmuter began the quest for the
                  | Orb.
     0 | D:1      | Reached XP level 1. HP: 16/16 MP: 3/3
   162 | D:1      | Reached XP level 2. HP: 7/23 MP: 3/5
  1045 | D:2      | Reached XP level 3. HP: 15/28 MP: 4/6
  1970 | D:2      | Found a burning altar of Makhleb.
  2179 | D:3      | Reached XP level 4. HP: 30/36 MP: 5/7
  2582 | D:3      | Found a shattered altar of Ashenzari.
  2670 | D:3      | Noticed a bullfrog
  2685 | D:3      | Killed a bullfrog
  2685 | D:3      | Reached skill level 4 in Unarmed Combat
  2685 | D:3      | Reached XP level 5. HP: 18/42 MP: 6/9
  3104 | D:3      | HP: 2/42 [orc priest/divine providence (11)]
  3106 | D:3      | Slain by an orc priest

Illustrated notes

Levels and vault maps discovered:
D:1:      doesnt_arrival_eight_statues, layout_basic
D:2:      layout_basic, nicolae_overflow_hidden_temple, minmay_tromino_v4_a
D:3:      layout_loops_corners, cheibrodos_ashenzari_chains, first_ration

Skill      XL: |  1  2  3  4 |
---------------+-------------+-----
Fighting       | 2 |  2.6
Transmutations | 3 |  3.9
Unarmed Combat | 4 |  4.5
Dodging        | |  1.7
Spellcasting   | |  2.8

Action                   |  1- 3 |  4- 6 || total
-------------------------+-------+-------++-------
Melee: Unarmed           |   205 |   109 ||   314
       Tailslap          |    14 |    13 ||    27
       Kick              |     7 |    10 ||    17
       Headbutt          |     3 |     1 ||     4
       Punch             |     3 |     3 ||     6
 Cast: Beastly Appendage |     7 |     5 ||    12
  Eat: Chunk             |     4 |     3 ||     7
Armor: Skin              |    88 |    25 ||   113
Dodge: Dodged            |   158 |    64 ||   222

Table legend:
 A = Non-vault XP
 B = Vault XP
 C = Vault XP percentage of total XP
 D = Non-vault monster count
 E = Vault monster count
 F = Vault count percentage of total count
                 A         B        C        D         E       F
            +---------+---------+-------+---------+---------+-------
      Total |     341 |       8 |   2.3 |      73 |       4 |   5.2
            +---------+---------+-------+---------+---------+-------
        D:1 |      37 |       0 |   0.0 |      23 |       0 |   0.0
        D:2 |      50 |       8 |  13.8 |      26 |       4 |  13.3
        D:3 |     254 |       0 |   0.0 |      24 |       0 |   0.0
            +---------+---------+-------+---------+---------+-------
